AoeStats
← drahomir.skalnik

Arabia

509335525Analyzed
4v4 RM · 7d ago on Sep 26, 2026· 43m 41s· 8 players
Game mode
Random Map
Map size
Large (8 player)
Population
200
Speed
Normal
Resources
Standard
Victory
Conquest
Starting age
Dark Age
Ending age
Imperial Age
RankedLock teamsTeams togetherTeam positionsShared explorationLock speedFull tech treeHidden civsTurbo modeCheats
Victory
Defeat
🇨🇳 Japanese · China
910
+12
🇨🇳 Burgundians · China
869
+14
854
+15
🇨🇳 Saracens · China
785
+18
🇨🇿 Bohemians · Czechia
874
-17
🇦🇺 Ethiopians · Australia
825
-15
🇪🇸 Britons · Spain
819
-14
🇹🇷 Vietnamese · Türkiye
791
-13
伐伐伐伐伐伐 伐木工
1:11 Loom
14:57 Feudal Age
19:07 Castle Age
17:15 Horse Collar
28:39 Wheelbarrow
31:35 Heavy Plow
34:48 Imperial Age
32:32 Scale Barding Armor
33:46 Forging
33:30 Gold Mining
34:54 Elite Jarl
34:55 Vendel Legacy
36:20 Chain Barding Armor
37:25 Iron Casting
37:13 Conscription
38:22 Crop Rotation
38:29 Husbandry
38:39 Bloodlines
37:50 Light Cavalry
39:45 Plate Barding Armor
40:10 Blast Furnace
39:45 Double-Bit Axe
42:51 Hussar
3405514463
7:54 Double-Bit Axe
7:57 Horse Collar
9:22 Wheelbarrow
10:35 Wheelbarrow
13:14 Feudal Age
11:41 Gold Mining
12:04 Stone Mining
12:18 Stone Mining
14:45 Heavy Plow
18:29 Castle Age
16:48 Bow Saw
20:06 Scale Barding Armor
20:12 Forging
19:33 Cavalier
27:30 Hand Cart
27:47 Hand Cart
28:02 Husbandry
31:04 Imperial Age
29:25 Chain Barding Armor
29:31 Treadmill Crane
30:35 Iron Casting
30:45 Gold Shaft Mining
31:19 Two-Man Saw
31:27 Paladin
33:12 Plate Barding Armor
34:49 Blast Furnace
34:19 Burgundian Vineyards
35:29 Conscription
36:02 Padded Archer Armor
35:52 Fletching
36:29 Ballistics
35:32 Elite Skirmisher
41:20 Leather Archer Armor
41:00 Bodkin Arrow
Aaron_7
10:40 Feudal Age
17:38 Castle Age
18:46 Fletching
23:50 Double-Bit Axe
24:16 Stone Mining
25:14 Gold Mining
27:58 Bow Saw
27:31 Horse Collar
33:18 Imperial Age
31:27 Wheelbarrow
31:23 Squires
32:18 Gambesons
32:41 Scale Mail Armor
32:52 Forging
33:20 Gold Shaft Mining
34:56 Chain Mail Armor
35:17 Iron Casting
35:32 Conscription
36:09 Plate Mail Armor
35:26 Arson
37:03 Hand Cart
36:33 Town Watch
39:01 Elite Samurai
40:44 Blast Furnace
40:32 Padded Archer Armor
40:28 Bodkin Arrow
40:40 Elite Skirmisher
41:26 Thumb Ring
HBNUVHTFGHYHUGY
10:55 Feudal Age
16:16 Castle Age
17:08 Loom
25:06 Double-Bit Axe
31:05 Horse Collar
34:36 Wheelbarrow
35:12 Heavy Plow
35:25 Bow Saw
35:11 Gold Mining
37:36 Gold Shaft Mining
36:52 Stone Mining
38:46 Padded Archer Armor
38:37 Fletching
39:02 Scale Barding Armor
39:07 Forging
43:10 Imperial Age
drahomir.skalnik
2:04 Loom
10:56 Feudal Age
12:20 Double-Bit Axe
12:17 Horse Collar
17:49 Forging
17:30 Fletching
17:40 Padded Archer Armor
22:59 Castle Age
20:45 Town Watch
21:51 Arson
22:43 Town Watch
23:55 Pikeman
24:35 Squires
25:10 Crossbowman
28:41 Bow Saw
30:23 Chemistry
33:57 Imperial Age
34:24 Heavy Plow
34:22 Halberdier
Blayx
4:54 Loom
11:59 Feudal Age
12:57 Double-Bit Axe
16:49 Wheelbarrow
23:12 Castle Age
22:19 Fletching
22:29 Padded Archer Armor
23:57 Arson
26:52 Hand Cart
29:32 Crossbowman
30:17 Thumb Ring
29:32 Crossbowman
bbjameshetfield
12:11 Feudal Age
18:23 Castle Age
18:03 Double-Bit Axe
18:44 Fletching
18:54 Padded Archer Armor
20:45 Crossbowman
21:39 Bodkin Arrow
31:43 Wheelbarrow
30:53 Town Watch
31:10 Loom
31:11 Town Watch
35:27 Bow Saw
36:24 Squires
36:10 Arson
yenejaque
10:32 Feudal Age
13:01 Double-Bit Axe
15:15 Fletching
16:11 Padded Archer Armor
16:22 Forging
23:04 Castle Age
21:30 Gold Mining
21:31 Horse Collar
23:54 Bodkin Arrow
23:23 Crossbowman
24:27 Caravan
26:05 Stone Mining
28:56 Heavy Plow
31:45 Gold Shaft Mining
31:46 Pikeman
33:05 Iron Casting
34:27 Yeomen
35:00 Scale Mail Armor
38:34 Imperial Age
36:29 Ballistics
36:30 Scale Barding Armor
37:54 Husbandry
39:05 Cavalier
43:23 Chemistry
Connection lost

Rejoining the realm…

Still unreachable

The connection could not be restored.

Session expired

The server has moved on; the page needs a fresh start.